 Dungeon Crawl Stone Soup version 0.22-a0-322-g60b3cfd (webtiles) character file.

7670 Kairos the Basher (level 11, -2/83 HPs)
             Began as a Human Fighter on Apr 5, 2018.
             Was a Priest of Okawaru.
             Slain by a freezing wraith (9 damage)
             ... in an ice cave.
             The game lasted 00:28:20 (9631 turns).

Kairos the Basher (Human Fighter)                   Turns: 9631, Time: 00:28:21

Health: -2/83      AC: 21    Str: 17    XL:     11   Next: 41%
Magic:  8/11       EV: 16    Int:  9    God:    Okawaru [***...]
Gold:   430        SH: 13    Dex: 15    Spells: 10/10 levels left

rFire    . . .     SeeInvis .   x - +5 flail (protect)
rCold    + . .     Gourm    .   c - +0 shield
rNeg     . . .     Faith    .   v - +0 ring mail {rC+}
rPois    .         Spirit   .   B - +0 helmet
rElec    .         Reflect  .   (no cloak)
rCorr    .         Harm     .   (no gloves)
MR       .....                  e - +2 pair of boots
Stlth    +++.......             (no amulet)
HPRegen  0.23/turn              g - +4 ring of slaying
MPRegen  0.12/turn              q - +2 ring of protection

@: heroism, protection aura, slowed, very slow
A: no striking features
a: Heroism, Renounce Religion


You were in an ice cave.
You worshipped Okawaru.
Okawaru was most pleased with you.
You were not hungry.

You visited 3 branches of the dungeon, and saw 11 of its levels.
You also visited: Sewer, Ossuary and Ice Cave.

You collected 430 gold pieces.

Inventory:

Hand Weapons
 x - a +5 flail of protection (weapon)
 D - a +2 war axe of electrocution
 M - a +3 hand axe
 P - a +0 morningstar
 R - a +2 whip of venom
Missiles
 S - 5 tomahawks (quivered)
Armour
 b - a +0 scale mail
 c - a +0 shield (worn)
 e - a +2 pair of boots (worn)
 h - a +0 chain mail
 v - a +0 ring mail of cold resistance (worn)
 B - a +0 helmet (worn)
Magical Staves
 z - an uncursed staff of fire
Jewellery
 g - a +4 ring of slaying (left hand)
 n - an uncursed ring of protection from magic
 q - a +2 ring of protection (right hand)
Wands
 m - a wand of digging (4)
 N - a wand of iceblast (6)
 O - a wand of flame (22)
 Q - a wand of paralysis (12)
Scrolls
 i - 7 scrolls of teleportation
 l - 2 scrolls of blinking
 o - 6 scrolls of remove curse
 r - a scroll of fog {unknown}
 s - 2 scrolls of amnesia
 u - a scroll of noise {unknown}
 w - 3 scrolls of immolation {unknown}
 y - 2 scrolls of enchant armour {unknown}
 H - a scroll of fear {unknown}
 I - 2 scrolls of random uselessness {unknown}
 J - 2 scrolls of enchant weapon
 U - a scroll of silence {unknown}
Potions
 a - a potion of ambrosia {unknown}
 d - 3 potions of might
 j - a potion of invisibility {unknown}
 k - 5 potions of curing
 p - 3 potions of degeneration {unknown}
 A - a potion of haste {unknown}
 C - 3 potions of flight
 E - a potion of mutation {unknown}
 F - a potion of lignification {unknown}
 G - a potion of agility {unknown}
 L - 3 potions of brilliance {unknown}
 T - 2 potions of heal wounds {unknown}
Comestibles
 f - 12 rations


   Skills:
 + Level 6.7(11.7) Fighting
 + Level 11.6(16.6) Maces & Flails
 + Level 6.4(11.4) Armour
 + Level 4.4(9.4) Dodging
 + Level 3.7(8.7) Stealth
 + Level 7.5(12.5) Shields
 + Level 0.9 Evocations


You had 10 spell levels left.
You didn't know any spells.

Dungeon Overview and Level Annotations

Branches:
Dungeon (9/15)             Temple (1/1) D:7            Lair (1/6) D:9
    Orc: D:9-12

Altars:
Ashenzari
Cheibriados
Dithmenos
Elyvilon
Fedhas
Gozag
Hepliaklqana
Kikubaaqudgha
Makhleb
Nemelex Xobeh
Okawaru
Qazlal
Ru
Sif Muna
Trog
Uskayaw
Vehumet
Wu Jian
Xom
Yredelemnul
Zin
The Shining One


Message History

You block the freezing wraith's attack. x2
You sock the freezing wraith!
The freezing wraith is severely damaged.
You block the freezing wraith's attack. x2
You sock the freezing wraith!
The freezing wraith is almost destroyed.
You feel like a meek peon again.
The freezing wraith barely misses you. x2
You hit the freezing wraith but do no damage.
The freezing wraith is almost destroyed.
You block the freezing wraith's attack. The freezing wraith misses you.
You block the freezing wraith's attack. The freezing wraith hits you!
* * * LOW HITPOINT WARNING * * *
The freezing wraith drains your vigour!
You feel as though you will be slow longer.
You gain the combat prowess of a mighty hero.
The freezing wraith hits you.
* * * LOW HITPOINT WARNING * * *
The freezing wraith freezes you! You resist.
You die...

#..##...## ##.####...##
#... ##..# ##...## ....
#..## ##...# ..... ##..#
##..## ....W #..##
######..# #..... ##..#
##...###.## #.....##..##
##.....##..# #.....#@.#
#...#...#..# #.W.##
#..####....# ##.## ##..#
##...# ### ##..## ##.##
##...# ### #### ##....##
##..## #### #......#
##....#####..####.....##
#.......##....##.......#


You could see a freezing wraith.

Vanquished Creatures
  A two-headed ogre (D:9)
  6 freezing wraiths (IceCv)
  A wolf spider simulacrum (IceCv)
  The ghost of Galewind the Conjurer, an amateur DECj (D:3)
  Sigmund (D:4)
  A wraith (Ossuary)
  A wyvern (D:6)
  Menkaure (D:7)
  A hungry ghost (D:8)
  A death yak simulacrum (IceCv)
  Edmund (D:4)
  2 wargs (D:9)
  A water moccasin (D:7)
  An acid dragon (D:9)
  3 orc warriors
  Purgy (D:4)
  7 ice beasts
  A black bear (D:6)
  2 ogres
  5 centaurs
  2 phantoms
  3 crocodiles
  A bullfrog (D:6)
  A wyvern skeleton (D:6)
  2 scorpions
  3 killer bees (D:7)
  4 wights (D:9)
  A howler monkey (D:5)
  4 crimson imps
  5 orc wizards
  A jelly (D:6)
  3 orc priests
  5 hounds
  A gnoll shaman (D:7)
  An iguana (D:5)
  6 worker ants
  A polar bear simulacrum (IceCv)
  A killer bee zombie (D:8)
  A wolf simulacrum (IceCv)
  A mummy (Ossuary)
  11 gnolls
  An ogre simulacrum (IceCv)
  2 adders
  2 shadow imps
  16 white imps
  An ooze (D:6)
  2 adder skeletons
  A worm (D:3)
  2 dart slugs (D:1)
  6 leopard geckos
  25 orcs
  3 ball pythons
  13 giant cockroaches
  6 goblins
  8 hobgoblins
  3 jackals (D:8)
  5 quokkas
  12 bats
  2 frilled lizards
  2 gnoll skeletons (Ossuary)
  5 kobolds
  7 kobold skeletons (Ossuary)
  A leopard gecko zombie (D:8)
  16 orc skeletons (Ossuary)
  A quokka zombie (D:6)
  10 rats
  A rat zombie (D:6)
250 creatures vanquished.

Vanquished Creatures (others)
  A white imp (Lair:1)
1 creature vanquished.

Grand Total: 251 creatures vanquished

Notes
Turn   | Place    | Note
-------+----------+-------------------------------------------
     0 | D:1      | Kairos the Human Fighter began the quest for the Orb.
     0 | D:1      | Reached XP level 1. HP: 18/18 MP: 1/1
    47 | D:1      | Reached XP level 2. HP: 21/24 MP: 2/2
   410 | D:1      | Reached XP level 3. HP: 29/29 MP: 3/3
  1069 | D:3      | Noticed Galewind's ghost (amateur DECj)
  1072 | D:3      | Reached XP level 4. HP: 24/35 MP: 4/4
  1721 | D:3      | Killed Galewind's ghost
  1721 | D:3      | Reached skill level 3 in Maces & Flails
  1721 | D:3      | Reached XP level 5. HP: 42/42 MP: 5/5
  1721 | D:3      | Reached XP level 6. HP: 48/48 MP: 6/6
  1983 | D:3      | Found a faded altar of an unknown god.
  2222 | D:3      | Reached skill level 4 in Maces & Flails
  2238 | D:4      | Noticed Purgy
  2319 | D:4      | Noticed Edmund
  2330 | D:4      | Killed Edmund
  2330 | D:4      | Reached skill level 1 in Dodging
  2330 | D:4      | Reached XP level 7. HP: 47/53 MP: 7/7
  2345 | D:4      | Killed Purgy
  2566 | D:4      | Reached skill level 5 in Maces & Flails
  2631 | D:4      | Noticed Sigmund
  2700 | D:4      | Killed Sigmund
  2700 | D:4      | Reached XP level 8. HP: 44/60 MP: 8/8
  3034 | D:5      | Entered Level 5 of the Dungeon
  3194 | D:5      | Reached skill level 6 in Maces & Flails
  3439 | D:5      | Reached skill level 5 in Armour
  4162 | D:6      | Found a sand-covered staircase.
  4176 | Ossuary  | Entered an ossuary
  4176 | Ossuary  | Noticed a wraith
  4176 | Ossuary  | Noticed a wraith
  4176 | Ossuary  | Noticed a wraith
  4404 | Ossuary  | Noticed a wraith
  4428 | Ossuary  | Killed a wraith
  4428 | Ossuary  | Reached skill level 7 in Maces & Flails
  4428 | Ossuary  | Reached skill level 1 in Stealth
  4573 | D:6      | Found a glowing drain.
  4584 | Sewer    | Entered a sewer
  4619 | Sewer    | Reached XP level 9. HP: 53/66 MP: 9/9
  4704 | D:6      | Reached skill level 5 in Shields
  4974 | D:6      | Reached skill level 8 in Maces & Flails
  4977 | D:6      | Reached skill level 5 in Fighting
  5543 | D:7      | Reached skill level 9 in Maces & Flails
  5672 | D:7      | Noticed Menkaure
  5684 | D:7      | Killed Menkaure
  5718 | D:7      | Reached XP level 10. HP: 74/74 MP: 10/10
  5955 | D:7      | Found a staircase to the Ecumenical Temple.
  6081 | Temple   | Entered the Ecumenical Temple
  6747 | D:8      | Reached skill level 10 in Maces & Flails
  7233 | D:8      | Found an iron altar of Okawaru.
  7242 | D:8      | Became a worshipper of Warmaster Okawaru
  7438 | D:9      | Noticed a two-headed ogre
  7454 | D:9      | Killed a two-headed ogre
  7454 | D:9      | Reached * piety under Okawaru
  7779 | D:9      | Found a staircase to the Lair.
  8101 | Lair:1   | Entered Level 1 of the Lair of Beasts
  8120 | Lair:1   | Found a frozen archway.
  8150 | Lair:1   | Reached ** piety under Okawaru
  8196 | IceCv    | Entered an ice cave
  8214 | IceCv    | Reached skill level 11 in Maces & Flails
  8214 | IceCv    | Reached XP level 11. HP: 40/81 MP: 11/11
  8668 | IceCv    | Reached *** piety under Okawaru
  9631 | IceCv    | Slain by a freezing wraith

Vault maps used:
D:1:      eino_arrival_tree_alley, minmay_misc_feat_diagonals
D:3:      chequers_ecumenical_altar_simple
D:4:      first_ration, minmay_checkerbox, uniq_edmund, uniq_sigmund, uniq_purgy
D:6:      gup_sewer_entry_pipe, serial_glass, glass_columns_a, glass_columns_a,
          enter_ossuary_4, minmay_misc_feat_enclosed
D:7:      temple_statues, uniq_menkaure
D:8:      okawaru_altar_gauntlet_db
D:9:      erik_lair_orcish_takeover
Temple:   regret_index_temple_sigil_plot
Lair:1:   portal_ice_cave_entry_imps, grunt_forest_stairs_basic,
          beast_lair_carwin_3, minmay_lair_oklob_chamber
Sewer:    sewer_big_baddie
Ossuary:  ossuary_due_mausoleum
IceCv:    ice_cave_small_necro

Skill      XL: |  1  2  3  4  5  6  7  8  9 10 11 |
---------------+----------------------------------+-----
Maces & Flails | 3 4 5 7 9 11 | 11.6
Shields        | 4 5 6 7 |  7.5
Armour         | 4 5 6 |  6.4
Dodging        | 1 2 3 4 |  4.4
Fighting       | 4 5 6 |  6.7
Stealth        | 1 3 |  3.7
Evocations     | |  0.9

Action                   |  1- 3 |  4- 6 |  7- 9 | 10-12 || total
-------------------------+-------+-------+-------+-------++-------
Melee: Flail             |    94 |    43 |   281 |   370 ||   788
Invok: Heroism           |       |       |       |     3 ||     3
Evoke: Wand              |       |     4 |     2 |     2 ||     8
  Use: Scroll            |     1 |     2 |    11 |     4 ||    18
       Potion            |       |     1 |       |     2 ||     3
 Stab: Paralysed         |       |       |       |     7 ||     7
  Eat: Ration            |       |     2 |     1 |     3 ||     6
       Chunk             |       |       |     6 |     9 ||    15
Armor: Scale mail        |    47 |    13 |       |       ||    60
       Chain mail        |    11 |       |       |       ||    11
       Ring mail         |       |     5 |    91 |   127 ||   223
Dodge: Dodged            |    22 |    11 |    92 |   137 ||   262
Block: Shield            |    50 |    12 |   114 |   182 ||   358

Table legend:
 A = Spawn XP
 B = Non-spawn XP
 C = Spawn XP percentage of total XP
 D = Spawn monster count
 E = Non-spawn monster count
 F = Spawn count percentage of total count
 G = Total turns spent on level
                    A         B        C        D         E        F      G
               +---------+---------+-------+---------+---------+-------+---------
         Total |       0 |   10958 |   0.0 |       0 |     251 |   0.0 |  9631
               +---------+---------+-------+---------+---------+-------+---------
           D:1 |       0 |      41 |   0.0 |       0 |      23 |   0.0 |   722
           D:2 |       0 |      18 |   0.0 |       0 |      13 |   0.0 |   894
           D:3 |       0 |     298 |   0.0 |       0 |      13 |   0.0 |   671
           D:4 |       0 |     721 |   0.0 |       0 |      13 |   0.0 |   747
           D:5 |       0 |     421 |   0.0 |       0 |      14 |   0.0 |  1146
           D:6 |       0 |    1356 |   0.0 |       0 |      34 |   0.0 |   891
           D:7 |       0 |     838 |   0.0 |       0 |      21 |   0.0 |   899
           D:8 |       0 |     848 |   0.0 |       0 |      24 |   0.0 |   861
           D:9 |       0 |    2253 |   0.0 |       0 |      27 |   0.0 |   773
        Lair:1 |       0 |     335 |   0.0 |       0 |      14 |   0.0 |    95
         Sewer |       0 |     109 |   0.0 |       0 |       6 |   0.0 |    81
       Ossuary |       0 |     244 |   0.0 |       0 |      27 |   0.0 |   289
         IceCv |       0 |    3476 |   0.0 |       0 |      22 |   0.0 |  1435
               +---------+---------+-------+---------+---------+-------+---------
